[Event "ICC tourney 1953 (60 10)"]
[Site "Internet Chess Club"]
[Date "2020.08.09"]
[Round "8"]
[White "PawnGrubber21"]
[Black "StayCalm"]
[Result "0-1"]
[ICCResult "White resigns"]
[WhiteElo "1760"]
[BlackElo "2193"]
[Opening "Sicilian: Najdorf, Byrne (English) attack"]
[ECO "B90"]
[NIC "SI.14"]
[Time "15:18:33"]
[TimeControl "3600+10"]

1. e4 c5 2. Nf3 d6 3. d4 cxd4 4. Nxd4 Nf6 5. Nc3 a6 6. Be3 g6 7. f3 Bg7 8.
Qd2 O-O 9. g4 Nc6 10. O-O-O Bd7 11. h4 h5 12. g5 Nh7 13. Bh3 Bxh3 14. Rxh3
Ne5 15. Qe2 Rc8 16. Nb3 Nc4 17. Bd4 e5 18. Be3 Nxb2 19. Kxb2 Rxc3 20. Kxc3
Qc8+ 21. Kb2 Qxh3 22. Na5 Qd7 23. Nc4 Qb5+ 24. Ka1 Rc8 25. Rxd6 Rxc4 26. Rb6
Qa4 27. c3 Rc7 28. Qd3 Rd7 29. Rd6 Rxd6 30. Qxd6 Qc6 {White resigns} 0-1

[Event "ICC tourney 1953 (60 10)"]
[Site "Internet Chess Club"]
[Date "2020.08.09"]
[Round "8"]
[White "woodychess"]
[Black "jasonm04"]
[Result "1-0"]
[ICCResult "Black resigns"]
[WhiteElo "2210"]
[BlackElo "2232"]
[Opening "Nimzo-Indian: classical variation"]
[ECO "E32"]
[NIC "NI.24"]
[Time "15:18:51"]
[TimeControl "3600+10"]

1. d4 e6 2. c4 Nf6 3. Nc3 Bb4 4. Qc2 b6 5. a3 Bxc3+ 6. Qxc3 c5 7. Bg5 Bb7 8.
e3 d6 9. dxc5 dxc5 10. f3 Nc6 11. Nh3 h6 12. Bh4 e5 13. Nf2 Qe7 14. O-O-O g5
15. Bg3 Nd7 16. Bd3 O-O-O 17. Bf5 f6 18. Ne4 Ba8 19. Rd6 Nb8 20. Re6 Qf8 21.
Rxf6 {Black resigns} 1-0

[Event "ICC tourney 1953 (60 10)"]
[Site "Internet Chess Club"]
[Date "2020.08.09"]
[Round "8"]
[White "nithin"]
[Black "Ajitesh20091"]
[Result "0-1"]
[ICCResult "White resigns"]
[WhiteElo "2250"]
[BlackElo "1897"]
[Opening "English: Neo-Catalan"]
[ECO "A13"]
[NIC "QP.11"]
[Time "15:19:17"]
[TimeControl "3600+10"]

1. Nf3 Nf6 2. c4 e6 3. g3 d5 4. d4 b6 5. Bg2 Bb7 6. O-O dxc4 7. Nbd2 b5 8.
a4 a6 9. Re1 c5 10. e3 cxd4 11. exd4 Bb4 12. Re2 O-O 13. Nb1 Qb6 14. Nc3
Bxc3 15. bxc3 Nd5 16. Qc2 Nc6 17. Ng5 g6 18. Bd2 Rfb8 19. Qe4 Na5 20. Qh4
Nf6 21. Bxb7 Rxb7 22. Nxe6 Nd5 23. Ng5 f6 24. Ne4 Nb3 25. Ra2 b4 26. Re1
bxc3 27. Nxc3 Nxd2 28. Nxd5 Nf3+ 29. Kh1 Qa5 30. Nxf6+ Kh8 31. Qe4 Qxe1+ 32.
Kg2 Qxe4 33. Nxe4 Nxd4 {White resigns} 0-1

[Event "ICC tourney 1953 (60 10)"]
[Site "Internet Chess Club"]
[Date "2020.08.09"]
[Round "8"]
[White "fastturle"]
[Black "dabbindino"]
[Result "1/2-1/2"]
[ICCResult "Game drawn by mutual agreement"]
[WhiteElo "2159"]
[BlackElo "2282"]
[Opening "Queen's pawn: London system"]
[ECO "A45"]
[NIC "QP.07"]
[Time "15:18:51"]
[TimeControl "3600+10"]

1. d4 Nf6 2. Bf4 e6 3. e3 c5 4. c3 Nc6 5. Nf3 d5 6. Nbd2 Bd6 7. Bg3 cxd4 8.
exd4 Qc7 9. Bd3 O-O 10. Qe2 h6 11. Ne5 Bxe5 12. dxe5 Nd7 13. f4 Nc5 14. Nf3
Rd8 15. Bf2 Nxd3+ 16. Qxd3 b5 17. Nd4 Nxd4 18. Bxd4 Qc4 19. Qxc4 dxc4 20. a3
Bb7 21. O-O a5 22. Rfd1 Be4 23. Bb6 Rxd1+ 24. Rxd1 Bd3 25. Kf2 Kf8 26. Ke3
Ra6 27. Bc5+ Ke8 28. Kd4 a4 {Game drawn by mutual agreement} 1/2-1/2

[Event "ICC tourney 1953 (60 10)"]
[Site "Internet Chess Club"]
[Date "2020.08.09"]
[Round "8"]
[White "Xuanli28"]
[Black "Murzin"]
[Result "0-1"]
[ICCResult "White resigns"]
[WhiteElo "2107"]
[BlackElo "2508"]
[Opening "Sicilian: Canal-Sokolsky (Nimzovich-Rossolimo, Moscow) attack"]
[ECO "B51"]
[NIC "SI.01"]
[Time "15:19:06"]
[TimeControl "3600+10"]

1. e4 c5 2. Nf3 d6 3. Bb5+ Nd7 4. d4 Nf6 5. Bxd7+ Nxd7 6. O-O cxd4 7. Nxd4
Nf6 8. Nc3 e5 9. Nde2 h6 10. h3 Be6 11. f4 Be7 12. Qd3 Rc8 13. Qg3 b5 14. f5
Bc4 15. Qf3 b4 16. Nd1 d5 17. Nf2 Qb6 18. Kh2 Qc6 19. Bd2 dxe4 20. Qg3 Bxe2
21. Rfe1 Ba6 22. Be3 O-O 23. Rad1 Rfe8 24. c3 bxc3 25. bxc3 Bc4 26. Rd2 Bc5
27. Bxc5 Qxc5 28. Nxe4 Nxe4 29. Rxe4 Qe7 30. Qf3 Qf6 31. a4 Ba6 32. Rb4 Red8
33. Rbb2 Rxd2 34. Rxd2 Re8 35. Qe4 Bc8 36. Rf2 Bd7 37. Qb7 Bxa4 38. Qxa7 Bc6
39. c4 e4 40. Qe3 Qd6+ 41. g3 Qd3 42. Re2 Qxe3 43. Rxe3 Rd8 44. Kg1 Rd1+ 45.
Kf2 Rc1 46. g4 Rxc4 47. h4 f6 48. Kg3 Rd4 49. Kg2 Rd3 50. Re2 Bd5 51. Kf2
Rf3+ 52. Kg2 e3 53. Kg1 Rg3+ 54. Kh2 Rxg4 55. Rxe3 Rf4 {White resigns} 0-1

[Event "ICC tourney 1953 (60 10)"]
[Site "Internet Chess Club"]
[Date "2020.08.09"]
[Round "8"]
[White "Falstaf"]
[Black "funplaychess"]
[Result "1-0"]
[ICCResult "Black resigns"]
[WhiteElo "2692"]
[BlackElo "2367"]
[Opening "Queen's bishop game"]
[ECO "D02"]
[NIC "QP.06"]
[Time "15:19:23"]
[TimeControl "3600+10"]

1. d4 Nf6 2. Nf3 d5 3. Bf4 c5 4. e3 Nc6 5. Nbd2 cxd4 6. exd4 Bf5 7. Bb5 e6
8. Ne5 Qc8 9. g4 Bg6 10. h4 h5 11. g5 Ng8 12. Nxg6 fxg6 13. Nf3 Kd8 14. Bxc6
Qxc6 15. Ne5 Qe8 16. Qd3 Ne7 17. O-O Nf5 18. c4 Bd6 19. cxd5 exd5 20. Rfe1
Bxe5 21. Rxe5 Qd7 22. Qb3 Nxd4 23. Qd1 Rf8 24. Qxd4 Qg4+ 25. Kf1 Rxf4 26.
Rxd5+ Ke8 27. Re1+ Kf8 28. Rd8+ {Black resigns} 1-0

[Event "ICC tourney 1953 (60 10)"]
[Site "Internet Chess Club"]
[Date "2020.08.09"]
[Round "8"]
[White "AlexW2007"]
[Black "slugger"]
[Result "0-1"]
[ICCResult "White resigns"]
[WhiteElo "2183"]
[BlackElo "2362"]
[Opening "King's Indian: fianchetto without c4"]
[ECO "A49"]
[NIC "KI.79"]
[Time "15:18:43"]
[TimeControl "3600+10"]

1. d4 Nf6 2. Nf3 g6 3. g3 Bg7 4. Bg2 O-O 5. O-O d6 6. c4 c6 7. b3 Nbd7 8.
Bb2 Qc7 9. Nbd2 e5 10. e4 a5 11. a3 exd4 12. Nxd4 Re8 13. Qc2 Qb6 14. Rad1
Nc5 15. Rfe1 Ng4 16. h3 Ne5 17. Nf1 Be6 18. Kh2 a4 19. b4 Bxc4 20. bxc5 dxc5
21. Ne2 Bb3 22. Qb1 Bxd1 23. Rxd1 Qxb2 24. Qxb2 Ng4+ 25. hxg4 Bxb2 26. Rb1
Bxa3 27. Ne3 Bb4 28. Nc1 Red8 29. Bf1 b5 30. Kg2 Rd2 {White resigns} 0-1

[Event "ICC tourney 1953 (60 10)"]
[Site "Internet Chess Club"]
[Date "2020.08.09"]
[Round "8"]
[White "bpovo1394"]
[Black "penguinwizard"]
[Result "1-0"]
[ICCResult "Black resigns"]
[WhiteElo "2136"]
[BlackElo "2080"]
[Opening "Sicilian: accelerated fianchetto, Maróczy bind, 6.Be3"]
[ECO "B38"]
[NIC "SI.33"]
[Time "15:18:50"]
[TimeControl "3600+10"]

1. e4 c5 2. Nf3 Nc6 3. d4 cxd4 4. Nxd4 g6 5. c4 Bg7 6. Be3 Nf6 7. Nc3 d6 8.
Be2 O-O 9. f3 Bd7 10. O-O Nxd4 11. Bxd4 a5 12. Qd2 Bc6 13. b3 Nd7 14. Be3
Nc5 15. Rab1 Re8 16. a3 a4 17. b4 Nb3 18. Qd3 e6 19. b5 Bxc3 20. Qxc3 Bd7
21. Rfd1 Qc7 22. Qd3 d5 23. cxd5 exd5 24. Qxd5 Be6 25. Qg5 Qc2 26. Qf6 Rac8
27. Bh6 Qc3 28. e5 Qc5+ 29. Kh1 {Black resigns} 1-0

[Event "ICC tourney 1953 (60 10)"]
[Site "Internet Chess Club"]
[Date "2020.08.09"]
[Round "8"]
[White "phoenix10q72"]
[Black "YKQ"]
[Result "0-1"]
[ICCResult "White resigns"]
[WhiteElo "2262"]
[BlackElo "2549"]
[Opening "Philidor: Improved Hanham variation"]
[ECO "B07"]
[NIC "PU.08"]
[Time "15:18:32"]
[TimeControl "3600+10"]

1. e4 d6 2. d4 Nf6 3. Nc3 Nbd7 4. Nf3 e5 5. g3 Be7 6. Bg2 c6 7. a4 a5 8. O-O
Qc7 9. Re1 O-O 10. b3 Re8 11. Bb2 Bf8 12. Nb1 exd4 13. Nxd4 Nc5 14. Nd2 Bg4
15. f3 Bd7 16. Nc4 d5 17. e5 dxc4 18. exf6 Rxe1+ 19. Qxe1 cxb3 20. Nxb3 Nxb3
21. cxb3 Qb6+ 22. Kh1 Qxb3 23. Qe5 Re8 24. Qd4 Re2 25. fxg7 Qxb2 26. gxf8=Q+
Kxf8 27. Qd6+ Kg7 28. Rg1 Bh3 29. Qf4 h6 30. Qh4 Bxg2+ 31. Rxg2 Rxg2 32.
Qg4+ Kf8 33. Qc8+ Ke7 34. Qc7+ Ke6 35. Qc8+ Kd5 36. Qd7+ Kc4 37. Qxf7+ Kc5
38. Qe7+ Kb6 39. Qd8+ Kc5 40. Qe7+ Kc4 41. Qf7+ Kc3 42. Qg7+ Kb3 43. Qf7+
Ka3 44. Qe7+ Kxa4 45. Qe4+ Qb4 46. Kxg2 Qxe4 47. fxe4 Kb4 48. Kf3 a4 49. e5
Kc5 50. Ke4 a3 51. Kf5 a2 52. e6 Kd6 {White resigns} 0-1

[Event "ICC tourney 1953 (60 10)"]
[Site "Internet Chess Club"]
[Date "2020.08.09"]
[Round "8"]
[White "pyaru536"]
[Black "Segev"]
[Result "0-1"]
[ICCResult "White checkmated"]
[WhiteElo "2121"]
[BlackElo "2201"]
[Opening "King's Indian: 3.g3"]
[ECO "E60"]
[NIC "KI.80"]
[Time "15:18:44"]
[TimeControl "3600+10"]

1. d4 Nf6 2. c4 g6 3. g3 Bg7 4. Bg2 O-O 5. Nc3 c6 6. e4 d6 7. Nf3 d5 8. cxd5
cxd5 9. e5 Ne4 10. Nxe4 dxe4 11. Ng5 Nc6 12. Be3 Qa5+ 13. Qd2 Qxd2+ 14. Kxd2
Rd8 15. Kc3 Bf5 16. Rhd1 Rac8 17. Kb3 Bg4 18. f3 exf3 19. Bxf3 Bxf3 20. Nxf3
Na5+ 21. Kb4 Nc4 22. Bg5 f6 23. exf6 exf6 24. Bc1 Bf8+ 25. Kb3 Na5+ 26. Ka4
Rc4+ 27. b4 Rxb4+ 28. Ka3 Nc4# {White checkmated} 0-1

[Event "ICC tourney 1953 (60 10)"]
[Site "Internet Chess Club"]
[Date "2020.08.09"]
[Round "8"]
[White "InfernoKing"]
[Black "creepycrawlies"]
[Result "1-0"]
[ICCResult "Black resigns"]
[WhiteElo "2143"]
[BlackElo "2142"]
[Opening "Sicilian: Najdorf, Adams attack"]
[ECO "B90"]
[NIC "SI.14"]
[Time "15:18:42"]
[TimeControl "3600+10"]

1. e4 c5 2. Nf3 d6 3. d4 cxd4 4. Nxd4 Nf6 5. Nc3 a6 6. h3 e5 7. Nde2 h5 8.
g3 Be6 9. Bg2 Be7 10. a4 Nbd7 11. O-O O-O 12. Be3 Nb6 13. b3 d5 14. Bxb6
Qxb6 15. a5 Qd6 16. Nxd5 Nxd5 17. exd5 Bd7 18. c4 h4 19. Qd3 Rac8 20. Rab1
f5 21. b4 hxg3 22. fxg3 Qh6 23. d6 e4 24. Qd1 Qxd6 25. Qxd6 Bxd6 26. Rbd1
Rf6 27. c5 Bb5 28. Rxd6 Rxd6 29. cxd6 Bxe2 30. Rxf5 Bd3 31. Rd5 Kf7 32. d7
Rd8 33. Rd4 Kf6 34. Kf2 Bb5 35. Bxe4 Rxd7 36. Rxd7 Bxd7 37. Bxb7 Bb5 38. Ke3
Ke5 39. h4 Kf5 40. Bf3 Ke5 41. g4 Bd7 42. g5 Kf5 43. Be2 Bc8 44. Kd4
{Black resigns}
1-0

[Event "ICC tourney 1953 (60 10)"]
[Site "Internet Chess Club"]
[Date "2020.08.09"]
[Round "8"]
[White "BrainOnFire"]
[Black "fredericton"]
[Result "1/2-1/2"]
[ICCResult "Game drawn by mutual agreement"]
[WhiteElo "2091"]
[BlackElo "2206"]
[Opening "Modern defense"]
[ECO "A40"]
[NIC "QO.17"]
[Time "15:18:36"]
[TimeControl "3600+10"]

1. d4 g6 2. c4 Bg7 3. Nf3 d6 4. g3 Bg4 5. Bg2 Nc6 6. O-O Bxf3 7. Bxf3 Nxd4
8. Bxb7 Rb8 9. Bg2 c5 10. e3 Ne6 11. Qa4+ Kf8 12. Qxa7 h5 13. a4 h4 14. a5
hxg3 15. fxg3 Bxb2 16. Bxb2 Rxb2 17. a6 Nf6 18. Nc3 Ng4 19. Rfb1 Rxg2+ 20.
Kxg2 Rxh2+ 21. Kg1 Ng5 22. Qb7 d5 23. Nd1 Nf3+ 24. Kf1 Nd2+ 25. Kg1 Nf3+ 26.
Kf1 Nd2+ 27. Kg1 {Game drawn by mutual agreement} 1/2-1/2

[Event "ICC tourney 1953 (60 10)"]
[Site "Internet Chess Club"]
[Date "2020.08.09"]
[Round "8"]
[White "vyomvidy"]
[Black "frisco"]
[Result "1/2-1/2"]
[ICCResult "Game drawn by mutual agreement"]
[WhiteElo "2253"]
[BlackElo "2463"]
[Opening "Dunst (Sleipner, Heinrichsen) opening"]
[ECO "D00"]
[NIC "VO.15"]
[Time "15:18:33"]
[TimeControl "3600+10"]

1. Nc3 Nf6 2. d4 d5 3. Bf4 a6 4. e3 Bf5 5. f3 e6 6. g4 Bg6 7. h4 h5 8. g5
Nfd7 9. Bd3 Bxd3 10. Qxd3 Bd6 11. Bxd6 cxd6 12. g6 Qf6 13. gxf7+ Qxf7 14. e4
Nc6 15. Nh3 O-O-O 16. Ng5 Qe7 17. O-O-O dxe4 18. Qxe4 Rde8 19. d5 exd5 20.
Qxd5 Rhf8 21. Nge4 Nf6 22. Qxd6 Nxe4 23. Nxe4 Rxf3 24. Rhe1 Qc7 25. Qg6 Ref8
26. Ng5 R3f6 27. Qxh5 Kb8 28. Ne6 Qf7 29. Qxf7 R8xf7 30. Ng5 Rc7 31. Re8+
Ka7 32. Ne6 Rcf7 33. Ng5 Rc7 34. Ne6 Rcf7 {Game drawn by mutual agreement}
1/2-1/2

[Event "ICC tourney 1953 (60 10)"]
[Site "Internet Chess Club"]
[Date "2020.08.09"]
[Round "8"]
[White "Bo002"]
[Black "NyzhnykIllia"]
[Result "1/2-1/2"]
[ICCResult "Game drawn by mutual agreement"]
[WhiteElo "2229"]
[BlackElo "2744"]
[Opening "QGA: 4...e6"]
[ECO "D26"]
[NIC "QG.08"]
[Time "15:19:00"]
[TimeControl "3600+10"]

1. d4 d5 2. Nf3 Nf6 3. c4 dxc4 4. e3 e6 5. Bxc4 a6 6. O-O b5 7. Bd3 Bb7 8.
Qe2 Nbd7 9. a4 b4 10. a5 c5 11. Nbd2 cxd4 12. exd4 Be7 13. Nc4 O-O 14. Bg5
Nd5 15. Qe4 g6 16. Qh4 Bxg5 17. Nxg5 N7f6 18. Ne5 Nh5 19. Be4 h6 20. Ngf3
Qxh4 21. Nxh4 Nhf6 22. Bd3 Nf4 23. Bc4 Rfd8 24. Rfd1 Rd6 25. Nhf3 Rad8 26.
Rac1 Nd7 27. g3 Nh3+ 28. Kf1 Ng5 29. Be2 Nxf3 30. Nxf3 Bxf3 31. Bxf3 Nf6 32.
Rc4 Nd5 33. h4 Kg7 34. Ke2 b3 35. Rd3 Rb8 36. Bxd5 Rxd5 37. Rc5 Rb4 38. Rxd5
exd5 39. Ke3 Rb5 40. Rc3 Rxa5 41. Rxb3 g5 42. hxg5 hxg5 43. Ra3 Rxa3+ 44.
bxa3 Kf6 45. g4 Ke6 46. f4 f6 47. fxg5 fxg5 48. Kd3 Kd6 49. Kc3 Kc6 50. Kb4
Kb6 51. a4 a5+ {Game drawn by mutual agreement} 1/2-1/2

[Event "ICC tourney 1953 (60 10)"]
[Site "Internet Chess Club"]
[Date "2020.08.09"]
[Round "8"]
[White "tigeriz"]
[Black "KRIPRI"]
[Result "1-0"]
[ICCResult "Black resigns"]
[WhiteElo "2401"]
[BlackElo "2189"]
[Opening "French: Tarrasch, open variation"]
[ECO "C07"]
[NIC "FR.18"]
[Time "15:19:05"]
[TimeControl "3600+10"]

1. e4 e6 2. d4 d5 3. Nd2 c5 4. Ngf3 cxd4 5. Nxd4 Nc6 6. Bb5 Bd7 7. Nxc6 bxc6
8. Bd3 Bd6 9. O-O Ne7 10. c4 d4 11. f4 O-O 12. e5 Bc7 13. Nf3 c5 14. Bxh7+
Kxh7 15. Ng5+ Kg6 16. Qg4 f5 17. Qh4 Rh8 18. Qg3 Qg8 19. Nxe6+ Kf7 20. Nxc7
Rc8 21. Nb5 Bxb5 22. cxb5 Ke8 23. Bd2 Qd5 24. Qf3 Qd7 25. a4 c4 26. Rac1 Nd5
27. Rfe1 Qe6 28. h3 Ke7 29. Qf2 c3 30. bxc3 dxc3 31. Be3 Rc4 32. Bxa7 Rxa4
33. Ra1 Rxf4 34. Qc5+ Kf7 35. Red1 Rd8 36. b6 Qxe5 37. b7 Qe4 38. b8=Q Rxb8
39. Bxb8 Ne3 40. Qa7+ Kg6 41. Rd6+ Kh5 42. Qxg7 {Black resigns} 1-0

[Event "ICC tourney 1953 (60 10)"]
[Site "Internet Chess Club"]
[Date "2020.08.09"]
[Round "8"]
[White "rhungaski"]
[Black "SilentFog"]
[Result "0-1"]
[ICCResult "White resigns"]
[WhiteElo "2562"]
[BlackElo "2461"]
[Opening "King's Indian defense"]
[ECO "E60"]
[NIC "KI.80"]
[Time "15:18:51"]
[TimeControl "3600+10"]

1. d4 Nf6 2. c4 g6 3. f3 Nc6 4. d5 Ne5 5. e4 d6 6. Nc3 Bg7 7. Be3 O-O 8. Qd2
c6 9. g4 e6 10. g5 Nh5 11. dxc6 bxc6 12. O-O-O Ba6 13. b3 d5 14. Na4 dxc4
15. f4 Ng4 16. Qe2 cxb3 17. Qxg4 bxa2 18. Kc2 Qa5 {White resigns} 0-1

[Event "ICC tourney 1953 (60 10)"]
[Site "Internet Chess Club"]
[Date "2020.08.09"]
[Round "8"]
[White "tacticsalk"]
[Black "TjkTiger"]
[Result "0-1"]
[ICCResult "White resigns"]
[WhiteElo "2309"]
[BlackElo "2589"]
[Opening "Queen's Pawn"]
[ECO "A41"]
[NIC "QO.17"]
[Time "15:19:23"]
[TimeControl "3600+10"]

1. d4 d6 2. Nf3 Nf6 3. c4 g6 4. Nc3 Bf5 5. h3 Bg7 6. g4 Bd7 7. e4 O-O 8. Be3
Na6 9. Be2 c5 10. d5 Rb8 11. Nd2 Nc7 12. Qc2 b5 13. g5 Nh5 14. Rb1 Qc8 15.
h4 Bg4 16. Bd3 bxc4 17. Bxc4 Be5 18. Ne2 Nb5 19. Bxb5 Rxb5 20. f3 Bd7 21.
Nc4 Bg7 22. Kf2 f5 23. gxf6 Rxf6 24. Kg2 Bg4 25. Rbf1 Bxf3+ 26. Rxf3 Qg4+
27. Rg3 Nxg3 28. Nxg3 Rf3 29. Bf2 Bd4 30. Be1 Rb8 31. b3 Rbf8 32. Qd2 Rxg3+
33. Bxg3 Rf3 34. Rh3 Rf2+ {White resigns} 0-1

[Event "ICC tourney 1953 (60 10)"]
[Site "Internet Chess Club"]
[Date "2020.08.09"]
[Round "8"]
[White "Terry1234"]
[Black "Jupiter435"]
[Result "1-0"]
[ICCResult "Black resigns"]
[WhiteElo "2242"]
[BlackElo "2367"]
[Opening "Catalan: closed, 5.Nf3"]
[ECO "E06"]
[NIC "CA.05"]
[Time "15:18:48"]
[TimeControl "3600+10"]

1. d4 Nf6 2. c4 e6 3. g3 d5 4. Nf3 Be7 5. Bg2 O-O 6. O-O dxc4 7. Qc2 b5 8.
a4 b4 9. Nbd2 Bb7 10. Nxc4 c5 11. dxc5 Be4 12. Qd1 Bxc5 13. Be3 Nbd7 14. Rc1
Bxe3 15. Nxe3 Rc8 16. Nc4 Bd5 17. Nfe5 Nxe5 18. Bxd5 Qc7 19. Nxe5 Qxe5 20.
Rxc8 Rxc8 21. Bb7 Rb8 22. Qd2 g6 23. Bf3 Kg7 24. Rc1 Qa5 25. b3 Qe5 26. Rc4
a5 27. Kg2 Rb6 28. Qd8 Rd6 29. Qc7 Nd5 30. Qc5 Kf6 31. Re4 Nf4+ 32. Rxf4+
{Black resigns}
1-0

[Event "ICC tourney 1953 (60 10)"]
[Site "Internet Chess Club"]
[Date "2020.08.09"]
[Round "8"]
[White "joebobpop"]
[Black "Aryangambit"]
[Result "1/2-1/2"]
[ICCResult "Game drawn by mutual agreement"]
[WhiteElo "2252"]
[BlackElo "2088"]
[Opening "Sicilian: closed, 6.Be3"]
[ECO "B26"]
[NIC "SI.45"]
[Time "15:18:30"]
[TimeControl "3600+10"]

1. e4 c5 2. Nc3 Nc6 3. g3 g6 4. Bg2 Bg7 5. d3 d6 6. Be3 Nf6 7. h3 O-O 8. f4
e6 9. Nf3 Rb8 10. O-O b5 11. a3 a5 12. g4 b4 13. axb4 axb4 14. Ne2 Nd7 15.
Rb1 Ba6 16. f5 b3 17. c4 Nde5 18. Nxe5 Nxe5 19. Qd2 f6 20. Nf4 Bc8 21. fxe6
Qe7 22. Nd5 Qxe6 23. g5 fxg5 24. Bxg5 Bb7 25. Nc7 Qd7 26. Nb5 Bc6 27. Nc3
Qe6 28. Kh2 {Game drawn by mutual agreement} 1/2-1/2

[Event "ICC tourney 1953 (60 10)"]
[Site "Internet Chess Club"]
[Date "2020.08.09"]
[Round "8"]
[White "zuz1209"]
[Black "edmehu"]
[Result "1-0"]
[ICCResult "Black resigns"]
[WhiteElo "2224"]
[BlackElo "2266"]
[Opening "Sicilian: accelerated fianchetto, modern variation with Bc4"]
[ECO "B35"]
[NIC "SI.34"]
[Time "15:19:23"]
[TimeControl "3600+10"]

1. e4 c5 2. Nf3 Nc6 3. d4 cxd4 4. Nxd4 Nf6 5. Nc3 g6 6. Bc4 Bg7 7. Be3 O-O
8. h3 d6 9. O-O Bd7 10. Qd2 Qa5 11. Nb3 Qc7 12. Be2 Na5 13. Nxa5 Qxa5 14.
Rad1 Rfc8 15. Bd4 Bc6 16. Bxf6 Bxf6 17. Nd5 Qxd2 18. Nxf6+ exf6 19. Rxd2
Bxe4 20. c4 Rc6 21. g4 Rc7 22. f3 Bc6 23. Rxd6 Kg7 24. Rfd1 Re8 25. Kf2 Re6
26. b4 Rxd6 27. Rxd6 Rd7 28. Rxd7 Bxd7 29. Bd3 Be6 30. Ke3 f5 31. gxf5 gxf5
32. f4 Kf6 33. Kd4 Ke7 34. a3 f6 35. Be2 Kd6 36. c5+ Kc7 37. Bc4 Bd7 38. Bd5
a6 39. Bg8 h6 40. Kd5 Ba4 41. Bh7 Bd7 42. Bg6 Bc8 43. h4 Bd7 44. Bf7 b6 45.
cxb6+ Kxb6 46. Kd6 Bc6 47. Bc4 {Black resigns} 1-0

[Event "ICC tourney 1953 (60 10)"]
[Site "Internet Chess Club"]
[Date "2020.08.09"]
[Round "8"]
[White "ozmin"]
[Black "ASharikov"]
[Result "0-1"]
[ICCResult "White resigns"]
[WhiteElo "2255"]
[BlackElo "2230"]
[Opening "English opening"]
[ECO "A10"]
[NIC "EO.64"]
[Time "15:18:49"]
[TimeControl "3600+10"]

1. c4 Nc6 2. d4 e5 3. d5 Bb4+ 4. Nd2 Nce7 5. a3 Bxd2+ 6. Bxd2 d6 7. e4 f5 8.
exf5 Bxf5 9. Ne2 Nf6 10. Ng3 Bg6 11. h4 h6 12. h5 Bh7 13. Bc3 Nf5 14. Nxf5
Bxf5 15. Bd3 Qd7 16. Bxf5 Qxf5 17. Qe2 Ne4 18. Rc1 O-O 19. O-O Nf6 20. c5
Nxh5 21. g3 Rf6 22. Qc2 Qg4 23. Rce1 Nf4 24. Re4 Qh3 {White resigns} 0-1

[Event "ICC tourney 1953 (60 10)"]
[Site "Internet Chess Club"]
[Date "2020.08.09"]
[Round "8"]
[White "MasterZachary"]
[Black "shianen"]
[Result "1-0"]
[ICCResult "Black resigns"]
[WhiteElo "2314"]
[BlackElo "2190"]
[Opening "French: MacCutcheon, Lasker variation"]
[ECO "C12"]
[NIC "FR.05"]
[Time "15:18:44"]
[TimeControl "3600+10"]

1. e4 e6 2. d4 d5 3. Nc3 Nf6 4. Bg5 Bb4 5. e5 h6 6. Bd2 Bxc3 7. bxc3 Ne4 8.
Qg4 Kf8 9. Bd3 Nxd2 10. Kxd2 c5 11. h4 c4 12. Be2 Nc6 13. Nf3 b5 14. Rhb1
Rb8 15. Qf4 Bd7 16. h5 a5 17. a3 Qc7 18. Qe3 Kg8 19. g4 Kh7 20. g5 Rhc8 21.
gxh6 gxh6 22. Nh2 f5 23. exf6 Qxh2 24. Rh1 Qd6 25. Rag1 Rg8 26. Rg6 Qf8 27.
Rhg1 Rxg6 28. Rxg6 b4 29. axb4 axb4 30. Rg7+ Qxg7 31. fxg7 bxc3+ 32. Qxc3
Rg8 33. Qe3 Rxg7 34. c3 Na5 35. Bd1 Rg5 36. Bc2+ Kg7 37. Qf4 Nb3+ 38. Bxb3
cxb3 39. Qc7 Rxh5 40. Qxd7+ Kf6 41. Qd8+ Kf7 42. Qc7+ Kg6 43. Qb6 Kf6 44.
Qxb3 Rf5 45. Ke3 h5 46. Qb8 Kf7 47. Qh8 Ke7 48. f4 Kf7 49. Qh7+ Ke8 50. Kf3
Kd8 51. Kg3 Kc8 52. Qe7 h4+ 53. Kg4 Kb8 54. Qxe6 {Black resigns} 1-0

[Event "ICC tourney 1953 (60 10)"]
[Site "Internet Chess Club"]
[Date "2020.08.09"]
[Round "8"]
[White "largecrab"]
[Black "Venom2020"]
[Result "1/2-1/2"]
[ICCResult "Game drawn by mutual agreement"]
[WhiteElo "2199"]
[BlackElo "2115"]
[Opening "Sicilian: accelerated fianchetto, modern variation with Bc4"]
[ECO "B35"]
[NIC "SI.33"]
[Time "15:18:42"]
[TimeControl "3600+10"]

1. e4 c5 2. Nf3 Nc6 3. d4 cxd4 4. Nxd4 g6 5. Nc3 Bg7 6. Be3 Nf6 7. Bc4 O-O
8. Bb3 a5 9. f3 d5 10. Nxd5 Nxd5 11. exd5 Nb4 12. c4 a4 13. a3 axb3 14. axb4
Rxa1 15. Qxa1 e5 16. Nxb3 Qh4+ 17. g3 Qxc4 18. Qd1 Rd8 19. Kf2 Bf5 20. Na5
Qxb4 21. Qd2 Qxd2+ 22. Bxd2 Rxd5 23. Bc3 e4 24. fxe4 Bxe4 25. Re1 Bxc3 26.
bxc3 Rxa5 27. Rxe4 Ra2+ 28. Kg1 Rb2 29. c4 Kg7 30. c5 Kf6 31. Rc4 Ke5 32. c6
bxc6 33. Rxc6 h5 34. Rc7 Kf6 35. Rc5 Re2 36. Ra5 g5 37. h3 Kg6 38. Rb5 f6
39. Ra5 Kf7 40. Ra7+ Ke6 41. Rh7 Kf5 42. Rxh5 Ke4 43. Rh6 Kf3 44. Rxf6+ Kxg3
45. Kf1 {Game drawn by mutual agreement} 1/2-1/2

[Event "ICC tourney 1953 (60 10)"]
[Site "Internet Chess Club"]
[Date "2020.08.09"]
[Round "8"]
[White "Syringe"]
[Black "CaptK"]
[Result "1-0"]
[ICCResult "Black resigns"]
[WhiteElo "2726"]
[BlackElo "2306"]
[Opening "QGD Slav defense"]
[ECO "D10"]
[NIC "SL.01"]
[Time "15:18:46"]
[TimeControl "3600+10"]

1. d4 d5 2. c4 c6 3. e3 Nf6 4. Nc3 e6 5. Bd3 Nbd7 6. b3 Bd6 7. Bb2 O-O 8.
Nf3 e5 9. cxd5 cxd5 10. dxe5 Nxe5 11. Be2 Be6 12. Nd4 a6 13. O-O Rc8 14. Rc1
Qe7 15. Rc2 b5 16. h3 Qd7 17. f4 Nc6 18. Ncxb5 Bb8 19. Rxc6 Rxc6 20. Nxc6
Qxc6 21. Bxf6 axb5 22. Bd4 Bf5 23. a4 bxa4 24. bxa4 Bc7 25. Qc1 Qb7 26. Qa1
f6 27. a5 Ra8 28. a6 Qb3 29. Qc1 Bc2 30. a7 Ba5 31. Bd1 {Black resigns} 1-0

[Event "ICC tourney 1953 (60 10)"]
[Site "Internet Chess Club"]
[Date "2020.08.09"]
[Round "8"]
[White "rjc64uk"]
[Black "noki101"]
[Result "0-1"]
[ICCResult "White resigns"]
[WhiteElo "2078"]
[BlackElo "2068"]
[Opening "Vienna: Paulsen variation"]
[ECO "C25"]
[NIC "VG.04"]
[Time "15:18:33"]
[TimeControl "3600+10"]

1. e4 e5 2. Nc3 Nc6 3. g3 g6 4. Bg2 Bg7 5. Nge2 Nge7 6. d3 O-O 7. Be3 Nd4 8.
Qd2 d6 9. h3 Rb8 10. f4 c5 11. O-O b5 12. g4 b4 13. Nd1 f5 14. gxf5 gxf5 15.
Ng3 fxe4 16. dxe4 Ba6 17. Rf2 exf4 18. Bxf4 Ng6 19. Bg5 Qd7 20. Nh5 Ne5 21.
Nf6+ Bxf6 22. Bxf6 Ndf3+ 23. Bxf3 Rxf6 24. Bg2 Rg6 25. Kh2 Kh8 26. Ne3 Rbg8
27. Rg1 Bb7 28. Nd5 Bxd5 29. exd5 Qg7 30. Rgf1 Rh6 31. Kh1 Rg6 32. Kh2 Nc4
33. Qe2 Rg3 34. Bf3 Rxh3+ {White resigns} 0-1